 Dungeon Sprint DCSS version 0.19.0-9-gfd783f2 (webtiles) character file.

163 equalderp2856 the Gouger (level 5, -3/28 HPs)
             Began as a Felid Fighter on Nov 7, 2016.
             Shot with an arrow by a centaur warrior (7 damage)
             ... in the Dungeon (Sprint I: "Red Sonja").
             The game lasted 00:03:42 (286 turns).

equalderp2856 the Gouger (Felid Fighter)             Turns: 286, Time: 00:03:43

Health: -3/28      AC:  2    Str: 14    XL:     5   Next: 20%
Magic:  6/6        EV: 25    Int:  9    God:
Gold:   421        SH:  0    Dex: 16    Spells: 0 memorised, 4 levels left
                                        Lives:  0   Deaths: 2

rFire  . . .     SeeInvis +       - Unarmed
rCold  . . .     Gourm    .     (armour unavailable)
rNeg   . . .     Faith    .     (shield unavailable)
rPois  .         Spirit   .     (helmet unavailable)
rElec  .         Reflect  .     (cloak unavailable)
rCorr  .         Harm     .     (gloves unavailable)
MR     .....     NoTele   +     (boots unavailable)
Stlth  +++.......               (no amulet)
                                (no ring)
                                (no ring)

@: quick
A: no armour, no weapons or thrown items, stealth, claws 1, fangs 3, see
invisible, carnivore 3, speed 1, shaggy fur 2, slow metabolism 1, sharp paws
a: no special abilities


You were in the Dungeon.
You were not hungry.

You visited 1 branch You collected 421 gold pieces.

Inventory:

Scrolls
 h - a scroll of blinking
 j - a scroll of remove curse {unknown}
Potions
 a - a potion of might
 c - a potion of curing
 d - a potion of heal wounds
 e - a potion of haste
 f - 2 potions of magic
 g - a potion of berserk rage
 i - a potion of invisibility
Comestibles
 b - a meat ration


   Skills:
 + Level 7.4 Fighting
 + Level 9.4 Dodging
 + Level 2.7 Stealth
 + Level 12.6 Unarmed Combat


You had 4 spell levels left.
You didn't know any spells.

Dungeon Overview and Level Annotations

Branches:
Dungeon (1/1)

Altars:
Cheibriados
Dithmenos
Elyvilon
Fedhas
Gozag
Hepliaklqana
Kikubaaqudgha
Makhleb
Nemelex Xobeh
Okawaru
Qazlal
Ru
Sif Muna
Trog
Uskayaw
Vehumet
Xom
Yredelemnul
Zin
The Shining One
Jiyva
Lugonu

Shops:
D [

Annotations:
D Sonja


Innate Abilities, Weirdness & Mutations

You cannot wear armour.
You are incapable of wielding weapons or throwing items.
Your paws allow you to move quietly. (Stealth)
You have sharp claws.
You have razor-sharp teeth.
You have supernaturally acute eyesight. (SInv)
You are carnivorous and can eat meat at any time.
You cover ground quickly.
You are covered in thick fur. (AC +2)
You have a slow metabolism.
Your sharp claws are effective at attacking unaware monsters.


Message History

The centaur warrior shouts!
The centaur warrior shoots an arrow.
The arrow completely misses you.
There is a deep blue altar of Sif Muna here.
There is an open door here.
The centaur warrior shoots an arrow.
The arrow completely misses you.
You see here an arrow.
The centaur warrior shoots an arrow.
The arrow misses you.
There is an open door here.
The centaur warrior wields an uncursed shortbow.
The centaur warrior shoots an arrow.
The arrow hits you!
Ouch! That really hurt!
The centaur warrior unwields an uncursed shortbow.
The centaur warrior hits you.
There is a deep blue altar of Sif Muna, spattered with blood here.
You see here an arrow.
You scratch the centaur warrior but do no damage.
The centaur warrior hits you!
* * * LOW HITPOINT WARNING * * *
The centaur warrior shoots an arrow.
The arrow hits you!
You die...

##########################
#<.#..'..#..'..#__#..+..K#
#..'..#..)..#..c..'..#.G.#
#..#####)#####'#__#### ..+
#..####..#...#(####§§# ##
#..#__####..##.#§§§.§#
#..#_____##+#..c§§§§§+
#⌠⌠#_.∩...÷...@#§≈§.c#
####_..__##_.#'##+####
#_____###+#(# #######
#.### $.$


$K$ ##.## #+# You could see 2 centaur warriors.

Vanquished Creatures
  A slime creature (D)
  Sigmund (D)
  A yak (D)
  An ogre (D)
  A jelly (D)
  Ijyb (D)
6 creatures vanquished.

Vanquished Creatures (others)
  A gargoyle (D)
1 creature vanquished.

Grand Total: 7 creatures vanquished

Notes
Turn   | Place    | Note
-------+----------+-------------------------------------------
     0 | D        | equalderp2856 the Felid Fighter began the quest for the Orb.
     0 | D        | Reached XP level 1. HP: 10/10 MP: 2/2
     2 | D        | Noticed Ijyb
    17 | D        | Killed Ijyb
    17 | D        | Reached skill level 5 in Dodging
    17 | D        | Reached skill level 6 in Unarmed Combat
    17 | D        | Reached XP level 2. HP: 12/15 MP: 3/3
    26 | D        | Noticed an ogre
    41 | D        | Killed an ogre
    41 | D        | Reached skill level 5 in Fighting
    41 | D        | Reached skill level 8 in Unarmed Combat
    41 | D        | Reached XP level 3. HP: 17/19 MP: 4/4
    41 | D        | Reached XP level 4. HP: 20/23 MP: 5/5
    42 | D        | Killed a gargoyle
    49 | D        | Noticed Sigmund
    62 | D        | Killed Sigmund
    62 | D        | Reached skill level 10 in Unarmed Combat
    62 | D        | Reached XP level 5. HP: 26/27 MP: 6/6
    90 | D        | Found a burning altar of Makhleb.
    90 | D        | Found a viscous altar of Jiyva.
    90 | D        | Found a shimmering altar of Xom.
    90 | D        | Found a corrupted altar of Lugonu.
    90 | D        | Noticed a slime creature
    92 | D        | Found a deep blue altar of Sif Muna.
    94 | D        | Found a radiant altar of Vehumet.
    98 | D        | Gained mutation: You are covered in thick fur. (AC +2) [Felid growth]
    98 | D        | Reached XP level 6. HP: 31/31 MP: 7/7
   130 | D        | Noticed a centaur warrior
   146 | D        | Killed a slime creature
   146 | D        | Reached skill level 12 in Unarmed Combat
   159 | D        | Noticed a kobold demonologist
   159 | D        | Noticed a floating eye
   186 | D        | Found Xaje's Antique Armour Emporium.
   186 | D        | Found an ancient bone altar of Kikubaaqudgha.
   186 | D        | Found a hazy altar of Hepliaklqana.
   186 | D        | Found a stormy altar of Qazlal.
   186 | D        | Found a hide-covered altar of Uskayaw.
   186 | D        | Found a blossoming altar of Fedhas.
   186 | D        | Found a bloodstained altar of Trog.
   186 | D        | Found an iron altar of Okawaru.
   186 | D        | Found a basalt altar of Yredelemnul.
   186 | D        | Found a glowing golden altar of the Shining One.
   186 | D        | Found a snail-covered altar of Cheibriados.
   186 | D        | Found a sacrificial altar of Ru.
   186 | D        | Found a glowing silver altar of Zin.
   186 | D        | Found a shadowy altar of Dithmenos.
   186 | D        | Found a white marble altar of Elyvilon.
   186 | D        | Noticed a yak
   191 | D        | Killed a yak
   191 | D        | Reached XP level 7. HP: 21/36 MP: 8/8
   192 | D        | Found an opulent altar of Gozag.
   201 | D        | Found a sparkling altar of Nemelex Xobeh.
   236 | D        | Noticed Sonja
   247 | D        | Noticed a centaur warrior
   256 | D        | Shot with an arrow by a centaur warrior
   257 | D        | Reached XP level 6. HP: -16/33 MP: 7/7
   272 | D        | Slain by a centaur warrior
   273 | D        | Reached XP level 5. HP: 0/28 MP: 6/6
   286 | D        | Shot with an arrow by a centaur warrior

Skill      XL: |  1  2  3  4  5  6 |
---------------+-------------------+-----
Fighting       | 4 5 6 7 |  7.4
Dodging        | 5 6 7 8 9 |  9.4
Unarmed Combat | 6 8 10 12 | 12.6
Stealth        | 2 |  2.7

Action                   |  1- 3 |  4- 6 |  7- 9 || total
-------------------------+-------+-------+-------++-------
Melee: Unarmed           |    22 |    26 |       ||    48
       Bite              |     2 |     5 |       ||     7
       Punch             |       |     2 |       ||     2
 Stab: Sleeping          |       |     2 |       ||     2
  Eat: Chunk             |       |       |     5 ||     5
Dodge: Dodged            |    17 |    16 |     2 ||    35
